 Dungeon Crawl Stone Soup version 0.30-a0-116-g3b1a8e4ee4 (webtiles) character file.

Game seed: 151420835793500662

69 porpoise the Poker (level 4, -1/35 HPs)
             Began as a Demonspawn Gladiator on Sept 13, 2022.
             Slain by an orc priest
             ... wielding a +0 mace
              (4 damage)
             ... on level 3 of the Dungeon.
             The game lasted 00:06:13 (2014 turns).

porpoise the Poker (Demonspawn Gladiator)           Turns: 2014, Time: 00:06:14

Health: -1/35      AC:  5    Str: 16    XL:     4   Next: 2%
Magic:  4/4        EV: 14    Int: 10    God:
Gold:   107        SH:  0    Dex: 14    Spells: 3/3 levels left

rFire   . . .      SeeInvis .    a - +0 trident
rCold   . . .      Faith    .    (no shield)
rNeg    . . .      Spirit   .    b - +0 leather armour
rPois   .          Reflect  .    c - +0 helmet
rElec   .          Harm     .    (no cloak)
rCorr   .          Rampage  .    o - +0 pair of gloves
Will    .....                    (no boots)
Stlth   +.........               (no amulet)
HPRegen 0.11/turn                (no ring)
MPRegen 0.09/turn                (no ring)

@: no status effects
A: repulsion field 1, spiny 1, weakness stinger 1
a: no special abilities


You were on level 3 of the Dungeon.
You visited 1 branch of the dungeon, and saw 3 of its levels.

You collected 117 gold pieces.
You spent 10 gold pieces at shops.

Inventory:

Hand Weapons
 a - a +0 trident (weapon)
Missiles
 d - 3 throwing nets (quivered)
 e - a javelin
 g - 5 boomerangs
 u - 3 poisoned darts
Armour
 b - a +0 leather armour (worn)
 c - a +0 helmet (worn)
 o - a +0 pair of gloves (worn)
Scrolls
 h - 2 scrolls of identify {unknown}
 i - 2 scrolls of fog {unknown}
 j - a scroll of noise {unknown}
 l - a scroll of poison {unknown}
 s - 3 scrolls of vulnerability {unknown}
Potions
 f - 2 potions of attraction {unknown}
 k - 2 potions of mutation {unknown}
 m - a potion of flight {unknown}
 n - a potion of brilliance {unknown}
 p - a potion of heal wounds {unknown}
 q - a potion of haste {unknown}
 r - a potion of curing {unknown}
 t - a potion of magic {unknown}


   Skills:
 + Level 3.3 Fighting
 + Level 3.6 Polearms
 - Level 1.7 Throwing
 - Level 2.6 Dodging


You had 3 spell levels left.
You didn't know any spells.
Your spell library contained the following spells:

 Spells                   Type           Power      Damage    Failure   Level
 Sandblast                Erth           0%         2d4       43%         1
 Passwall                 Tmut/Erth      0%         N/A       56%         2
 Stone Arrow              Conj/Erth      0%         3d7       80%         3


Dungeon Overview and Level Annotations

Branches:
Dungeon (3/15)

Altars:

Shops:
D:2 *


Innate Abilities, Weirdness & Mutations

You are surrounded by a mild repulsion field. (EV +2)
You are partially covered in sharp spines.
You have a small tail.


Message History

You see here a +0 dagger.
You feel sick.
You feel sick.
You start resting.
You feel sick.
You are no longer poisoned.
Key pressed, stopping explore.
You start resting.
HP restored.
You start waiting.
Done waiting.
Found a stone staircase leading down.
An orc comes into view. It is wielding a +0 flail.
An orc and an orc priest come into view.
Found a robe.
The orc priest shouts!
The orc shouts! x2; You hear a shout!
An orc comes into view. It is wielding a +0 whip.
An orc priest comes into view. It is wielding a +0 hand axe.
You hit the orc but do no damage. The orc barely misses you.
You completely miss the orc. The orc closely misses you.
The orc priest mumbles some strange prayers to Beogh against you.
Beogh smites you!
The orc shouts!
The orc hits you with a +0 flail.
You hit the orc priest but do no damage.
The orc priest hits you with a +0 mace. The orc hits you with a +0 short sword.
* * * LOW HITPOINT WARNING * * *
The orc priest casts a cantrip, but nothing happens.
The orc priest is struck by your spines.
The orc priest hits you but does no damage.
The orc barely misses you. The orc is struck by your spines.
The orc hits you with a +0 short sword.
* * * LOW HITPOINT WARNING * * *
You hit the orc priest.
The orc priest is moderately wounded.
The orc misses you. The orc is struck by your spines.
The orc hits you with a +0 flail.
* * * LOW HITPOINT WARNING * * *
The orc priest is struck by your spines.
The orc priest hits you with a +0 mace.
You die...

.# #.........# .#
#.........# ##.#####
#.......[.# ........
..........# #.##.#.#
#......o.. #.##.#.#
....... #.##.#†#######..o#
...............o.#########
..##.#.##......o@o.......#
..+..#.........#.#######.#
..####..)......#.#.......#
.... #.........#.#.#######
..#.##.###.#####.#.#
..#.##.# #.#####.#.### ###
#### #...........#
#######.#.#.# .....#.#


You could see 2 orc priests and 3 orcs.

Vanquished Creatures
  An adder (D:2)
  2 worms (D:2)
  5 endoplasms
  4 giant cockroaches
  5 goblins
  9 hobgoblins
  4 jackals (D:2)
  5 kobolds
  2 quokkas
  3 ball pythons
  A bat (D:2)
  3 frilled lizards
  3 rats
47 creatures vanquished.

Notes
Turn   | Place    | Note
-------+----------+-------------------------------------------
     0 | D:1      | porpoise the Demonspawn Gladiator began the quest for the
                  | Orb.
     0 | D:1      | Reached XP level 1. HP: 16/16 MP: 1/1
   224 | D:1      | Gained mutation: You are surrounded by a mild repulsion
                  | field. (EV +2) [demonic ancestry]
   224 | D:1      | Reached XP level 2. HP: 6/23 MP: 2/2
   709 | D:1      | Found a faded altar of an unknown god.
   932 | D:2      | Gained mutation: You are partially covered in sharp spines.
                  | [demonic ancestry]
   932 | D:2      | Reached XP level 3. HP: 13/28 MP: 3/3
  1558 | D:2      | Found Ogroelem's General Store.
  1617 | D:2      | Bought a potion of degeneration for 10 gold pieces
  1811 | D:3      | Gained mutation: You have a small tail. [demonic ancestry]
  1811 | D:3      | Reached XP level 4. HP: 35/35 MP: 4/4
  2014 | D:3      | Slain by an orc priest

Illustrated notes

Levels and vault maps discovered:
D:1:      dpeg_arrival_court, layout_rooms, dreamdust_ecumenical_altar_statues,
          chequers_serial_rivers_micro_a, minmay_misc_feat_enclosed,
          kennysheep_nondescript, minivault_25
D:2:      layout_rooms, serial_shops, shop
D:3:      layout_basic, mainiacjoe_overflow_six_doors_small, old_standard_altar

Skill      XL: |  1  2  3 |
---------------+----------+-----
Polearms       | 3 |  3.6
Fighting       | 3 |  3.3
Throwing       | |  1.7
Dodging        | |  2.6

Action                   |  1- 3 |  4- 6 || total
-------------------------+-------+-------++-------
Melee: Trident           |   135 |     5 ||   140
       Punch             |     2 |       ||     2
 Stab: Sleeping          |     2 |       ||     2
Armor: Leather armour    |    19 |     2 ||    21
Dodge: Dodged            |    52 |     4 ||    56

Table legend: (Time is in decaauts)
 A = Elapsed time spent in this place.
 B = Non-inter-level travel time spent in this place.
 C = Inter-level travel time spent in this place.
 D = Time resting spent in this place.
 E = Time spent auto-exploring this place.
 F = Levels seen in this place.
 G = Mean time per level.
                   A        B        C        D        E       F      G
               +--------+--------+--------+--------+--------+-----+--------+
         Total |   2033 |   1979 |     54 |    778 |    850 |   3 |  677.7 |
       Dungeon |   2033 |   1979 |     54 |    778 |    850 |   3 |  677.7 |
               +--------+--------+--------+--------+--------+-----+--------+

Top non-repeatable levels by time:
     D:1: 911 daAuts
     D:2: 879 daAuts
     D:3: 242 daAuts
